 Dungeon Crawl Stone Soup version 0.28.0-53-g5a82cb258f (webtiles) character file.

Game seed: 12926724496005346921

813 sanboga the Ruffian (level 7, -2/70 HPs)
             Began as a Troll Berserker on July 11, 2022.
             Was a Priest of Trog.
             Slain by a gnoll
             ... wielding a +0 spear
              (5 damage)
             ... while paralysed
             ... on level 5 of the Dungeon.
             The game lasted 00:04:59 (3902 turns).

sanboga the Ruffian (Troll Berserker)               Turns: 3902, Time: 00:05:00

Health: -2/70      AC: 10    Str: 27 (28) XL:     7   Next: 61%
Magic:  0/24       EV:  1    Int:  0 (3)  God:    Trog [***...]
Gold:   83         SH:  0    Dex:  6 (9)  Spells: 6/6 levels left

rFire   . . .      SeeInvis .     - Unarmed
rCold   . . .      Faith    .   (no shield)
rNeg    . . .      Spirit   +   i - +0 steam dragon scales
rPois   .          Reflect  .   (helmet restricted)
rElec   .          Harm     .   (no cloak)
rCorr   .          Rampage  .   (gloves unavailable)
Will    .....      Clarity  +   (boots unavailable)
Stlth   +.........              a - amulet of guardian spirit
HPRegen 1.01/turn               f - ring of magical power
MPRegen 0.19/turn               k - ring of magical power

@: paralysed, mighty, on berserk cooldown, slowed, lost intelligence, unable to
read
A: large, unfitting armour, claws 3, regeneration 1, shaggy fur 2, tough skin 1,
iridescent scales 1, clarity
a: Renounce Religion, Berserk, Trog's Hand


You were on level 5 of the Dungeon.
You worshipped Trog.
Trog was most pleased with you.
You visited 1 branch of the dungeon, and saw 5 of its levels.

You collected 187 gold pieces.
You spent 104 gold pieces at shops.

Inventory:

Armour
 i - +0 steam dragon scales (worn)
Jewellery
 a - an amulet of guardian spirit (around neck)
 f - a ring of magical power (left claw)
 k - a ring of magical power (right claw)
 r - a ring of see invisible
Wands
 q - a wand of flame (11)
Scrolls
 b - a scroll of acquirement {unknown}
 c - a scroll of enchant armour {unknown}
 d - a scroll of immolation {unknown}
 e - 2 scrolls of noise {unknown}
 g - a scroll of teleportation {unknown}
 l - a scroll of vulnerability {unknown}
 n - a scroll of summoning {unknown}
 o - 3 scrolls of identify
Potions
 h - a potion of resistance {unknown}
 j - a potion of cancellation
 p - a potion of mutation


   Skills:
 + Level 4.2 Fighting
 + Level 4.3 Dodging
 * Level 6.8 Unarmed Combat


You had 6 spell levels left.
You didn't know any spells.
Your spell library was empty.

Dungeon Overview and Level Annotations

Branches:
Dungeon (5/15)
 Temple: D:4-7

Altars:
Cheibriados
Nemelex Xobeh
Zin

Shops:
D:1 *


Innate Abilities, Weirdness & Mutations

You are too large for most types of armour.
You have claws for hands.
Your natural rate of healing is unusually fast.
You are covered in thick fur. (AC +2)
You have tough skin. (AC +1)
You are partially covered in iridescent scales. (AC +2)
You possess an exceptional clarity of mind.


Message History

It was a potion of might.
You feel very mighty all of a sudden. The gnoll hits you but does no damage.
The gnoll barely misses you. The gnoll closely misses you.
The gnoll hits you but does no damage.
The gnoll hits you from afar with a +0 spear.
The gnoll closely misses you. x2
Things that are here:
a +0 flail; a gnoll corpse The gnoll barely misses you.
The gnoll hits you from afar with a +0 spear.
The gnoll hits you from afar with a +3 halberd!
* * * LOW HITPOINT WARNING * * *
It was a potion of mutation.
You feel extremely strange.
Iridescent scales grow over part of your body.
Your fur grows into a thick mane.
Your thoughts seem clearer.
The gnoll closely misses you. The gnoll hits you but does no damage.
The gnoll hits you but does no damage. The gnoll hits you with a +3 halberd!
* * * LOW HITPOINT WARNING * * *
The gnoll closely misses you. The gnoll hits you with a +3 halberd.
* * * LOW HITPOINT WARNING * * *
You closely miss the gnoll.
The gnoll hits you from afar with a +0 spear.
* * * LOW HITPOINT WARNING * * *
The gnoll hits you but does no damage. The gnoll barely misses you. x2
You mangle the gnoll!!
You kill the gnoll!
Trog accepts your kill.
A hornet zombie comes into view.
The gnoll barely misses you. x2; The hornet zombie moves out of view.
It was a potion of degeneration.
There was something very wrong with that liquid.
You feel weakened.
You feel dopey.
You have lost your intelligence.
You feel clumsy. The gnoll hits you with a +0 spear!
* * * LOW HITPOINT WARNING * * *
The gnoll hits you but does no damage. The gnoll hits you with a +0 spear.
* * * LOW HITPOINT WARNING * * *
The gnoll hits you but does no damage. The gnoll hits you with a +0 spear.
You die...

### ..####
###.#..# ..#.#..
####.#...
...#.#..#
#.##.#g.#
#.##.#))#
#.##.#@g#
####.##.#..#
#.......#..#
#.##.......#
#.###......##.##
#.....#######.#
#.###.# #.#
##### #.# #.#
#....###.# #..


You could see 2 gnolls.

Vanquished Creatures
  A steam dragon (D:3)
  An ice beast (D:5)
  2 phantoms
  A gnoll sergeant (D:5)
  A wyvern zombie (D:5)
  An orc priest (D:4)
  Jessica (D:2)
  3 iguanas
  2 orc wizards
  2 gnolls (D:5)
  5 adders
  An ufetubus (D:5)
  2 dart slugs
  5 orcs
  6 ball pythons
  5 endoplasms
  3 giant cockroaches
  5 goblins
  4 hobgoblins
  8 jackals (D:1)
  7 quokkas
  2 bats (D:2)
  3 frilled lizards
  6 kobolds
  6 rats
83 creatures vanquished.

Vanquished Creatures (others)
  An orc priest (D:3)
  3 orcs (D:3)
4 creatures vanquished.

Grand Total: 87 creatures vanquished

Notes
Turn   | Place    | Note
-------+----------+-------------------------------------------
     0 | D:1      | sanboga the Troll Berserker began the quest for the Orb.
     0 | D:1      | Reached XP level 1. HP: 22/22 MP: 0/0
    71 | D:1      | Reached XP level 2. HP: 29/29 MP: 1/1
   118 | D:1      | Found Ixkouf's Assorted Antiques.
   131 | D:1      | Bought a scroll labelled QAMIGUSI DERRU for 22 gold pieces
   314 | D:1      | Reached ** piety under Trog
   333 | D:1      | Reached XP level 3. HP: 36/36 MP: 2/2
   669 | D:1      | Found a glowing silver altar of Zin.
   740 | D:1      | Bought a scroll labelled NEYLAEDIPE for 22 gold pieces
   740 | D:1      | Bought a scroll labelled QAMIGUSI DERRU for 22 gold pieces
   796 | D:2      | Noticed Jessica
   803 | D:2      | Killed Jessica
   804 | D:2      | Reached skill level 4 in Unarmed Combat
   900 | D:2      | Found a snail-covered altar of Cheibriados.
   937 | D:2      | Reached XP level 4. HP: 44/44 MP: 3/3
  1076 | D:1      | Bought a viscous orange potion for 19 gold pieces
  1677 | D:1      | Bought an orange potion for 19 gold pieces
  1982 | D:3      | Noticed a steam dragon
  1996 | D:3      | Killed a steam dragon
  1997 | D:3      | Reached skill level 5 in Unarmed Combat
  1997 | D:3      | Reached XP level 5. HP: 42/53 MP: 4/4
  2885 | D:4      | Reached XP level 6. HP: 57/61 MP: 5/5
  2907 | D:4      | Reached *** piety under Trog
  3138 | D:4      | Found a sparkling altar of Nemelex Xobeh.
  3401 | D:5      | Entered Level 5 of the Dungeon
  3451 | D:5      | Reached skill level 6 in Unarmed Combat
  3582 | D:5      | Noticed an ice beast
  3588 | D:5      | Killed an ice beast
  3589 | D:5      | Reached XP level 7. HP: 60/70 MP: 6/6
  3897 | D:5      | Gained mutation: You are partially covered in iridescent
                  | scales. (AC +2) [potion of mutation]
  3897 | D:5      | Gained mutation: You are covered in thick fur. (AC +2)
                  | [potion of mutation]
  3897 | D:5      | Gained mutation: You possess an exceptional clarity of
                  | mind. [potion of mutation]
  3901 | D:5      | Lost intelligence.
  3901 | D:5      | HP: 2/70 [gnoll/+0 spear (4)]
  3902 | D:5      | Slain by a gnoll

Illustrated notes

Levels and vault maps discovered:
D:1:      dpeg_arrival_water_altar, layout_loops_ring, serial_shops, shop,
          minmay_misc_feat_iff
D:2:      layout_loops_ring, basic_altar, uniq_jessica
D:3:      layout_basic, serial_rivers, chequers_serial_rivers_small_a,
          chequers_serial_rivers_large_a, chequers_serial_rivers_micro_d,
          chequers_serial_rivers_small_a, chequers_serial_rivers_room_b,
          chequers_serial_rivers_small_3
D:4:      layout_layer_cave, nemelex_diamond_rough_becter,
          kennysheep_generic_room_13
D:5:      layout_basic, st_stairs_13

Skill      XL: |  1  2  3  4  5  6 |
---------------+-------------------+-----
Unarmed Combat | 4 5 6 |  6.8
Dodging        | 3 4 |  4.3
Fighting       | 3 4 |  4.2

Action                   |  1- 3 |  4- 6 |  7- 9 || total
-------------------------+-------+-------+-------++-------
Melee: Unarmed           |    82 |   115 |    22 ||   219
       Punch             |     3 |     6 |       ||     9
Invok: Berserk           |       |     1 |     1 ||     2
  Use: Scroll            |       |     2 |       ||     2
       Potion            |       |     1 |     3 ||     4
 Stab: Sleeping          |       |     1 |       ||     1
Armor: Animal skin       |    26 |     8 |       ||    34
       Steam dragon scal |       |    24 |    11 ||    35
Dodge: Dodged            |    38 |    48 |    24 ||   110
